AoeStats
← Dieguin

Arabia

508210090Analyzed
1v1 RM · 12d ago on Sep 21, 2026· 30m 12s· 2 players
Game mode
Random Map
Map size
Tiny (2 player)
Population
200
Speed
Normal
Resources
Standard
Victory
Conquest
Starting age
Dark Age
Ending age
Imperial Age
RankedLock teamsTeams togetherTeam positionsShared explorationLock speedFull tech treeHidden civsTurbo modeCheats
Victory
Defeat
🇺🇸 Spanish · United States
699
+19
🇨🇴 Cumans · Colombia
761
-19
Karovic9232
10:21 Feudal Age
10:51 Double-Bit Axe
14:10 Scale Barding Armor
14:18 Horse Collar
18:13 Bloodlines
19:13 Gold Mining
23:38 Castle Age
21:17 Man-at-Arms
22:18 Scale Mail Armor
23:13 Forging
24:05 Long Swordsman
24:34 Gambesons
27:55 Chain Mail Armor
29:10 Stone Mining
29:11 Light Cavalry
30:31 Wheelbarrow
Dieguin
7:20 Loom
10:10 Feudal Age
12:09 Double-Bit Axe
16:24 Man-at-Arms
24:23 Horse Collar
27:02 Castle Age
25:46 Wheelbarrow
27:24 Fletching
27:35 Padded Archer Armor
27:08 Crossbowman
27:17 Long Swordsman
29:11 Thumb Ring
Connection lost

Rejoining the realm…

Still unreachable

The connection could not be restored.

Session expired

The server has moved on; the page needs a fresh start.